 Dungeon Crawl Stone Soup version 0.30-a0-137-gd8773701ce (webtiles) character file.

Game seed: 7024797561039443895

180408 zishaf the Spry (level 17, -15/86 HPs)
             Began as a Felid Summoner on Sept 21, 2022.
             Was a High Priest of Sif Muna.
             Hit by a large rock thrown by a stone giant (57 damage)
             ... on level 2 of the Depths on Sept 22, 2022.
             The game lasted 03:14:08 (65265 turns).

zishaf the Spry (Felid Summoner)                   Turns: 65265, Time: 03:14:10

Health: -15/86     AC:  3    Str:  4    XL:     17   Next: 2%
Magic:  23/37      EV: 34    Int: 30    God:    Sif Muna [*****.]
Gold:   3071       SH:  0    Dex: 15    Spells: 3/46 levels left
                                        Lives:  0   Deaths: 3

rFire   + + .      SeeInvis +    (weapon unavailable)
rCold   + + .      Faith    .    (shield unavailable)
rNeg    . . .      Spirit   .    (body armour unavailable)
rPois   +          Reflect  .    (helmet unavailable)
rElec   +          Harm     .    (cloak unavailable)
rCorr   .          Rampage  .    (gloves unavailable)
Will    +++..                    (boots unavailable)
Stlth   +++.......               N - amulet of the Gastropod {Acrobat rPois rF+ Int+3 Dex-4}
HPRegen 0.24/turn                E - ring of Mirth {Will+ EV+4 Int+4 Dex-3}
MPRegen 0.25/turn                w - ring "Hionud" {rElec rPois rF+ rC+ Dex+4}

@: quick
A: very small, claws 1, fangs 3, see invisible, speed 1, shaggy fur 3, stealthy
paws, no weapons or thrown items, no armour, multi-lived
}: 2/15 runes: barnacled, gossamer
a: Renounce Religion, Channel Magic, Forget Spell, Divine Exegesis


You were on level 2 of the Depths.
You worshipped Sif Muna.
Sif Muna was extremely pleased with you.
You visited 7 branches of the dungeon, and saw 33 of its levels.
You also visited: Bailey, Gauntlet and Ice Cave.

You collected 4642 gold pieces.
You spent 1571 gold pieces at shops.

Inventory:

Jewellery
 f - a ring of wizardry
 l - a ring of flight
 o - a ring of protection from fire
 u - the amulet "Qaras" {+Blink Regen+ rCorr Str+6 Stlth-}
   (You acquired it on level 5 of the Dungeon)

   [amulet of regeneration]

   Str:       It affects your strength (+6).
   +Blink:    It lets you blink.
   Regen:     It increases your rate of health regeneration.
   rCorr:     It protects you from acid and corrosion.
   Stlth:     It makes you less stealthy.
 w - the ring "Hionud" (right paw) {rElec rPois rF+ rC+ Dex+4}
   (You found it in a Gauntlet)

   [ring of protection from cold]

   Dex:       It affects your dexterity (+4).
   rF:        It protects you from fire.
   rC:        It protects you from cold.
   rElec:     It insulates you from electricity.
   rPois:     It protects you from poison.
 E - the ring of Mirth (left paw) {Will+ EV+4 Int+4 Dex-3}
   (You found it on level 12 of the Dungeon)

   [ring of evasion]

   EV:        It affects your evasion (+4).
   Int:       It affects your intelligence (+4).
   Dex:       It affects your dexterity (-3).
   Will:      It increases your willpower.
 N - the amulet of the Gastropod (around neck) {Acrobat rPois rF+ Int+3 Dex-4}
   (You found it on level 1 of the Depths)

   [amulet of the acrobat]

   It increases your evasion while moving and waiting.
   Int:       It affects your intelligence (+3).
   Dex:       It affects your dexterity (-4).
   rF:        It protects you from fire.
   rPois:     It protects you from poison.
 P - a ring of wizardry
 Q - an amulet of guardian spirit
Wands
 d - a wand of quicksilver (20)
 r - a wand of flame (89)
 s - a wand of iceblast (4)
 v - a wand of paralysis (6)
 y - a wand of polymorph (15)
 I - a wand of mindburst (20)
 L - a wand of digging (14)
Scrolls
 c - 4 scrolls of blinking
 e - 8 scrolls of teleportation
 j - 4 scrolls of fog
 k - 4 scrolls of magic mapping
 C - 29 scrolls of identify
 D - 5 scrolls of poison
 J - 7 scrolls of fear
 K - a scroll of silence
 R - a scroll of torment {unknown}
Potions
 a - 2 potions of magic
 b - 9 potions of lignification
 g - 15 potions of curing
 h - 3 potions of invisibility
 i - 9 potions of brilliance
 m - 8 potions of heal wounds
 n - 7 potions of might
 p - 8 potions of ambrosia
 q - 2 potions of berserk rage
 t - 2 potions of flight
 x - 5 potions of haste
 z - 4 potions of cancellation
 A - 4 potions of mutation
 F - 2 potions of resistance
Miscellaneous
 B - a phial of floods
 G - a tin of tremorstones (2/2)
 H - a phantom mirror
 M - a box of beasts
 O - a lightning rod (4/4)


   Skills:
 + Level 15.9 Fighting
 + Level 20.3 Dodging
 - Level 5.0 Stealth
 + Level 15.0 Spellcasting
 - Level 5.0 Hexes
 + Level 20.1 Summonings
 - Level 4.0 Necromancy
 - Level 6.0 Translocations
 - Level 3.0 Air Magic
 - Level 8.6 Invocations
 + Level 5.3 Evocations


You had 3 spell levels left.
You knew the following spells:

 Your Spells              Type           Power      Damage    Failure   Level
a - Haunt                 Necr/Summ      38%        N/A       13%         7
b - Summon Horrible Thin  Summ           48%        N/A       3%          8
A - Summon Hydra          Summ           48%        N/A       1%          7
B - Summon Mana Viper     Hex/Summ       78%        N/A       1%          5
C - Monstrous Menagerie   Summ           48%        N/A       1%          7
D - Summon Lightning Spi  Summ/Air       75%        N/A       1%          4
E - Summon Forest         Summ/Tloc      39%        N/A       1%          5

Your spell library contained the following spells:

 Spells                   Type           Power      Damage    Failure   Level
 Summon Small Mammal      Summ           100%       N/A       0%          1
 Call Imp                 Summ           97%        N/A       0%          2
 Call Canine Familiar     Summ           97%        N/A       0%          3
 Apportation              Tloc           100%       N/A       1%          1
 Beastly Appendage        Tmut           44%        N/A       1%          1
 Foxfire                  Conj/Fire      88%        2x1d8     1%          1
 Magic Dart               Conj           88%        1d7       1%          1
 Necrotise                Necr           100%       1d9       1%          1
 Slow                     Hex            100%       N/A       1%          1
 Blink                    Tloc           100%       N/A       1%          2
 Cigotuvi's Dreadful Rot  Necr/Pois/Air  72%        N/A       1%          2
 Ensorcelled Hibernation  Hex/Ice        74%        N/A       1%          2
 Poisonous Vapours        Pois/Air       62%        N/A       1%          2
 Static Discharge         Conj/Air       62%        2-5/arc   1%          2
 Sublimation of Blood     Necr           46%        N/A       1%          2
 Confusing Touch          Hex            51%        N/A       1%          3
 Gell's Gravitas          Tloc           55%        N/A       1%          3
 Kindle Blastsparks       Fire/Tloc/Air  80%        2d16      1%          3
 Lesser Beckoning         Tloc           55%        N/A       1%          3
 Summon Guardian Golem    Hex/Summ       78%        N/A       1%          3
 Swiftness                Air            40%        N/A       1%          3
 Tukima's Dance           Hex            51%        N/A       1%          3
 Vampiric Draining        Necr           46%        2d9       1%          3
 Dazzling Flash           Conj/Hex       74%        N/A       2%          3
 Inner Flame              Hex/Fire       37%        N/A       2%          3
 Passwall                 Tmut/Erth      18%        N/A       3%          2
 Searing Ray              Conj           44%        2d6       3%          2
 Wereblood                Tmut           22%        N/A       3%          2
 Mephitic Cloud           Conj/Pois/Air  28%        N/A       4%          3
 Frozen Ramparts          Ice            44%        1d7       6%          3
 Ignite Poison            Fire/Tmut/Pois 22%        N/A       6%          3
 Ozocubu's Armour         Ice            22%        N/A       6%          3
 Spider Form              Tmut/Pois      22%        N/A       6%          3
 Manifold Assault         Tloc           55%        N/A       1%          4
 Passage of Golubria      Tloc           55%        N/A       1%          4
 Summon Ice Beast         Ice/Summ       70%        N/A       1%          4
 Summon Cactus Giant      Summ           48%        N/A       1%          6
 Cause Fear               Hex            25%        N/A       2%          4
 Anguish                  Hex/Necr       24%        N/A       3%          4
 Animate Dead             Necr           46%        N/A       4%          4
 Dispel Undead            Necr           46%        3d18      4%          4
 Iskenderun's Mystic Bla  Conj/Tloc      40%        2d9       6%          4
 Fulminant Prism          Conj/Hex       18%        3d11      8%          4
 Leda's Liquefaction      Hex/Erth       18%        N/A       8%          4
 Malign Gateway           Summ/Tloc      39%        N/A       9%          7
 Agony                    Necr           46%        N/A       11%         5
 Silence                  Hex/Air        23%        N/A       11%         5
 Flame Wave               Conj/Fire      22%        2d8       21%         4
 Ice Form                 Ice/Tmut       22%        N/A       21%         4
 Sticky Flame             Conj/Fire      22%        2d4       21%         4
 Metabolic Englaciation   Hex/Ice        18%        N/A       21%         5
 Yara's Violent Unravell  Hex/Tmut       18%        3d9       21%         5
 Borgnjor's Vile Clutch   Necr/Erth      17%        N/A       26%         5
 Spellforged Servitor     Conj/Summ      35%        N/A       28%         7
 Arcjolt                  Conj/Air       15%        1d25      30%         5
 Freezing Cloud           Conj/Ice/Air   14%        6-21      36%         5
 Alistair's Intoxication  Tmut/Pois      14%        N/A       50%         5
 Blade Hands              Tmut           11%        N/A       50%         5
 Fireball                 Conj/Fire      11%        3d7       50%         5
 Lee's Rapid Deconstruct  Erth           11%        3d9*      50%         5
 Dragon's Call            Summ           48%        N/A       50%         9
 Death Channel            Necr           23%        N/A       52%         6
 Simulacrum               Ice/Necr       17%        N/A       80%         6
 Enfeeble                 Hex            25%        N/A       92%         7
 Eringya's Noxious Bog    Tmut/Pois      11%        N/A       97%         6
 Iron Shot                Conj/Erth      11%        9d3       97%         6
 Starburst                Conj/Fire      11%        6d5       97%         6
 Statue Form              Tmut/Erth      14%        N/A       97%         6
 Orb of Destruction       Conj           11%        9d6       100%        7
 Storm Form               Tmut/Air       15%        N/A       100%        7
 Borgnjor's Revivificati  Necr           23%        N/A       100%        8
 Discord                  Hex            25%        N/A       100%        8
 Ignition                 Fire           11%        3d5       100%        8
 Infestation              Necr           23%        N/A       100%        8
 Lehudib's Crystal Spear  Conj/Erth      11%        10d4      100%        8
 Necromutation            Tmut/Necr      17%        N/A       100%        8
 Death's Door             Necr           23%        N/A       100%        9
 Shatter                  Erth           11%        3d12*     100%        9
 Portal Projectile        Hex/Tloc       Unusable   N/A       N/A         3
 Animate Armour           Summ/Erth      Unusable   N/A       N/A         4

Dungeon Overview and Level Annotations

Branches:
Dungeon (15/15)            Temple (1/1) D:6            Lair (5/5) D:9
 Shoals (4/4) Lair:3       Spider (4/4) Lair:3        Slime (0/5) Lair:4
    Orc (2/2) D:11            Elf (0/3) Orc:2        Vaults (0/5) D:13
 Depths (2/4) D:15         Bailey (visited)           IceCv (visited)
Gauntlet (visited)

Altars:
Ashenzari
Cheibriados
Dithmenos
Elyvilon
Fedhas
Gozag
Hepliaklqana
Kikubaaqudgha
Makhleb
Nemelex Xobeh
Okawaru
Qazlal
Ru
Sif Muna
Trog
Uskayaw
Vehumet
Wu Jian
Xom
Yredelemnul
Zin
The Shining One
Jiyva

Shops:
D:12 !   Orc:1 (   Orc:2 ?[*!((?   Shoals:2 !   Shoals:3 *

Portals:
Hell: Depths:1
Pandemonium: Depths:2
Ziggurat: Depths:1


Innate Abilities, Weirdness & Mutations

You have sharp claws.
You have razor-sharp teeth.
You have supernaturally acute eyesight. (SInv)
You cover ground quickly. (Speed+)
Your thick and shaggy fur keeps you warm. (AC +3, rC+)
Your paws help you pounce on unaware monsters.
You are incapable of wielding weapons or throwing items.
You cannot wear armour.
You gain extra lives every three experience levels.


Message History

Your manticore flicks its tail.
The volley of spikes hits the tengu warrior!
Your four-headed hydra bites the tengu warrior!
Your four-headed hydra misses the tengu warrior.
Your four-headed hydra bites the tengu warrior.
Your four-headed hydra bites the tengu warrior!
The tengu warrior hits your four-headed hydra with a +1 long sword!
The tengu warrior closely misses your four-headed hydra.
The tengu warrior barely misses your four-headed hydra.
Your manticore bites the tengu warrior!
The tengu warrior dies!
Sif Muna accepts your kill.
Unknown command.
You swap places.
There is an open door here.
You swap places.
Items here: ) [[ †.
Your four-headed hydra disappears in a puff of smoke!
Your eight-headed hydra disappears in a puff of smoke!
Your manticore disappears in a puff of smoke!
Your manticore disappears in a puff of smoke!
There is an open door here.
A spriggan air mage comes into view.
A spriggan air mage is nearby!
A stone giant comes into view.
Found an escape hatch in the floor.
Found a wand of quicksilver (2).
Casting: Summon Hydra (dangerous; 1% risk of failure)
Confirm with . or Enter, or press ? or * to list all spells.
A four-headed hydra appears.
You hear a shout!
The stone giant throws a large rock.
The large rock hits you!
Casting: Summon Hydra (dangerous; 1% risk of failure)
Confirm with . or Enter, or press ? or * to list all spells.
You summon a lindwurm!
The spriggan air mage waves its arms in wide circles.
The air twists around and strikes you!!
The stone giant throws a large rock.
The large rock hits you!!!
Ouch! That really hurt!
You die...

#/.......# #>..C....##
#. #........'. #.#
#........#
#..##........#
#..i#..D.....#
#....k.......#
#..@......# ##........#
##.......#
##......#+#######
##...............##
##..####'#..........
#.....##.#..........
#....#......#.........#
#...##.#....'.........#


You could see a stone giant (ally target), a spriggan air mage (repels missiles,
ally target), a friendly four-headed hydra (summoned) and a friendly lindwurm
(summoned).

Vanquished Creatures
  A kraken (Shoals:2)
  2 ghost moths (Spider:1)
  A deep elf death mage (D:12)
  An orc high priest (Orc:2)
  A deep elf zephyrmancer (D:12)
  A kobold demonologist (D:12)
  A komodo dragon (Lair:5)
  A rime drake (Lair:5)
  2 meliai
  2 blink frogs
  11 yaks (Lair:5)
  A redback (Spider:3)
  2 water moccasins (Lair:4)
  A phantom (D:6)
  A kobold brigand (D:9)
  6 electric eels
  A howler monkey (D:6)
  A hound (D:4)
  An orc priest (D:11)
  An orc wizard (Orc:2)
  An adder (D:5)
  A dart slug (D:2)
  6 orcs
  3 endoplasms
  7 goblins
  4 hobgoblins
  5 kobolds
  3 quokkas
  5 bats
  A frilled lizard (D:3)
  4 rats
79 creatures vanquished.

Vanquished Creatures (collateral kills)
  Bai Suzhen (Spider:3)
  Jorgrun (Shoals:1)
  Rupert (D:15)
  2 krakens (Shoals:3)
  A sphinx (Depths:1)
  2 tengu reavers
  Donald (Spider:3)
  Roxanne (Shoals:2)
  A frost giant (IceCv)
  6 emperor scorpions
  Louise (Spider:4)
  Aizul (Spider:4)
  A spriggan defender (Depths:1)
  An orc warlord (Orc:2)
  6 stone giants
  3 very ugly things
  2 broodmothers
  Nessos (Lair:4)
  The ghost of ytrimaz the Warrior, a journeyman DsGl (D:13)
  4 spark wasps
  2 ettins (Depths:1)
  12 merfolk impalers
  5 fire dragons
  2 merfolk javelineers
  5 entropy weavers
  Harold (Orc:1)
  6 hydras
  2 rakshasas
  2 jorogumos
  5 radroaches
  A catoblepas (D:13)
  2 alligator snapping turtles (Shoals:4)
  3 ice dragons (Depths:1)
  A spriggan air mage (Depths:1)
  Erica (Lair:1)
  2 ogre magi
  4 satyrs
  6 two-headed ogres
  17 boulder beetles
  4 centaur warriors
  5 merfolk aquamancers
  8 death yaks
  4 deep troll shamans (Depths:1)
  A vampire mage (Depths:1)
  3 merfolk avatars
  4 orc high priests (Orc:2)
  2 tengu warriors
  2 hell knights
  A deep elf knight (D:13)
  Sonja (D:13)
  2 iron trolls (Depths:1)
  A fire crab (Lair:5)
  5 deep trolls
  8 pharaoh ants
  10 sea snakes
  4 orb spiders
  3 sun moths
  An orange crystal statue (Gauntlet)
  A deep troll (shapeshifter) (D:15)
  15 steelbarb worms
  A glowing orange brain (Depths:1)
  6 orc knights (Orc:2)
  A lindwurm (Lair:2)
  2 necromancers
  3 deep elf zephyrmancers
  16 harpies
  2 deep elf pyromancers
  14 ugly things
  23 wolf spiders
  6 fauns
  3 orc sorcerers
  5 cyclopes
  13 manticores
  3 moths of wrath
  10 black mambas
  5 elephants (Lair:3)
  A stone giant skeleton (Depths:1)
  5 torpor snails
  2 molten gargoyles (Lair:5)
  7 merfolk sirens
  A smoke demon (Gauntlet)
  10 cane toads
  10 water nymphs
  A gargoyle (D:12)
  11 kobold demonologists
  11 rime drakes
  4 efreet
  5 yaktaurs (D:13)
  15 demonic crawlers
  An unseen horror (D:10)
  9 komodo dragons
  9 tengu conjurers
  17 meliai
  4 wind drakes
  6 polar bears
  A queen bee (D:9)
  4 trolls
  12 blink frogs
  37 merfolk
  23 tarantellas
  6 snapping turtles
  7 slime creatures
  13 dream sheep
  A raiju (Gauntlet)
  A spriggan zombie (Depths:1)
  A shadow (D:11)
  34 jumping spiders
  20 culicivoras
  10 water elementals
  5 wyverns
  4 steam dragons
  41 yaks
  49 redbacks
  6 basilisks
  4 wargs
  4 vampire mosquitoes (D:13)
  A human zombie (Depths:1)
  3 hell hounds (Lair:5)
  15 water moccasins
  13 nameless horrors
  46 orc warriors
  2 black bears
  10 ogres
  A boggart (D:13)
  10 wolves
  4 centaurs
  14 kobold brigands
  A gnoll sergeant (D:8)
  8 bullfrogs
  3 scorpions
  7 necrophages
  13 wights
  23 killer bees
  5 howler monkeys
  An electric eel (Lair:4)
  4 crimson imps (Gauntlet)
  5 lava snakes (Lair:5)
  A jelly (D:7)
  28 orc priests
  8 hounds
  3 iguanas
  Natasha (thrice) (D:2)
  19 orc wizards
  10 gnolls
  10 adders
  4 river rats (D:5)
  3 ufetubi
  A worm (D:2)
  2 dart slugs
  79 orcs
  3 ball pythons
  6 endoplasms
  4 hobgoblins
  2 jackals (D:2)
  37 kobolds
  3 quokkas
  A bat (D:3)
  A goblin (D:3)
  A rat (D:3)
  9 tentacles
1154 creatures vanquished.

Vanquished Creatures (others)
  A minotaur (Gauntlet)
  Fannar (D:10)
  A hydra (Lair:4)
  A boulder beetle (D:11)
  A deep elf pyromancer (D:12)
  An orc knight (Orc:1)
  An elephant (Lair:3)
  A manticore (D:12)
  A black mamba (Lair:3)
  An ice statue (IceCv)
  3 cane toads (Lair:5)
  A komodo dragon (D:9)
  A polar bear (IceCv)
  2 trolls
  A blink frog (Lair:2)
  A snapping turtle (Shoals:1)
  A wyvern (Lair:5)
  4 yaks
  A steam dragon (Gauntlet)
  3 basilisks
  6 orc warriors
  2 ogres
  4 wolves (IceCv)
  2 kobold brigands (Bailey)
  3 wights
  10 killer bees
  3 orc wizards
  A nameless horror (D:10)
  2 orcs
  34 fungi
  173 plants
  7 snaplasher vines
  17 tentacles
292 creatures vanquished.

Grand Total: 1525 creatures vanquished

Notes
Turn   | Place    | Note
-------+----------+-------------------------------------------
     0 | D:1      | zishaf the Felid Summoner began the quest for the Orb.
     0 | D:1      | Reached XP level 1. HP: 7/7 MP: 4/4
   383 | D:1      | Reached XP level 2. HP: 8/12 MP: 6/6
   386 | D:1      | Learned a level 2 spell: Call Imp
  1473 | D:2      | Reached skill level 1 in Fighting
  1488 | D:2      | Reached XP level 3. HP: 7/15 MP: 7/7
  1655 | D:2      | Learned a level 3 spell: Call Canine Familiar
  1701 | D:2      | Noticed Natasha
  1709 | D:2      | Killed Natasha
  2222 | D:2      | Reached XP level 4. HP: 16/19 MP: 2/8
  2420 | D:2      | Noticed Natasha
  2431 | D:2      | Killed Natasha
  2650 | D:2      | Noticed Natasha
  2657 | D:2      | Killed Natasha
  2889 | D:2      | Reached XP level 5. HP: 22/22 MP: 7/10
  2938 | D:2      | Learned a level 3 spell: Summon Guardian Golem
  3820 | D:3      | Reached skill level 1 in Hexes
  4509 | D:4      | Gained mutation: You are covered in thick fur. (AC +2)
                  | [Felid growth]
  4509 | D:4      | Reached XP level 6. HP: 27/27 MP: 4/11
  4737 | D:4      | Reached skill level 5 in Stealth
  4737 | D:4      | Reached skill level 5 in Summonings
  4932 | D:4      | Reached XP level 7. HP: 28/31 MP: 6/13
  5430 | D:5      | Entered Level 5 of the Dungeon
  5431 | D:5      | Noticed a wyvern
  5517 | D:5      | Identified the +3 dagger of the Past {vorpal, rElec}
  5626 | D:5      | Reached skill level 5 in Dodging
  5689 | D:5      | Reached skill level 1 in Evocations
  6076 | D:5      | Killed a wyvern
  6077 | D:5      | Reached XP level 8. HP: 25/36 MP: 4/15
  6174 | D:5      | Identified a scroll of acquirement
  6174 | D:5      | Acquired the amulet "Qaras" {+Blink Regen+ rCorr Str+6
                  | Stlth-}
  6198 | D:5      | Found an opulent altar of Gozag.
  6259 | D:5      | Found a broken altar of Ashenzari.
  6783 | D:6      | Learned a level 4 spell: Summon Lightning Spire
  6927 | D:6      | Found a staircase to the Ecumenical Temple.
  6981 | D:6      | Reached skill level 1 in Air Magic
  7150 | Temple   | Entered the Ecumenical Temple
  7213 | Temple   | Became a worshipper of Sif Muna the Loreminder
  7957 | D:6      | Reached skill level 5 in Spellcasting
  7957 | D:6      | Reached XP level 9. HP: 38/40 MP: 9/17
  8034 | D:6      | Reached skill level 1 in Invocations
  8241 | D:7      | Reached skill level 5 in Fighting
  8372 | D:7      | Found a transporter.
  8383 | D:7      | Noticed a troll
  8395 | D:7      | Killed a troll
  8553 | D:7      | Reached * piety under Sif Muna
  8699 | D:7      | Found a transporter.
  9161 | D:8      | Reached XP level 10. HP: 46/46 MP: 12/18
  9365 | D:8      | Reached ** piety under Sif Muna
  9542 | D:8      | Identified the +1 scale mail of Valiance {rPois rF+ Will+}
  9969 | D:8      | Found an ancient bone altar of Kikubaaqudgha.
  9972 | D:8      | Found a bloodstained altar of Trog.
  9976 | D:8      | Found a shadowy altar of Dithmenos.
  9976 | D:8      | Found a stormy altar of Qazlal.
  9976 | D:8      | Found a basalt altar of Yredelemnul.
  9979 | D:8      | Found a blossoming altar of Fedhas.
  9981 | D:8      | Found an opulent altar of Gozag.
 10034 | D:8      | Found a sacrificial altar of Ru.
 10035 | D:8      | Found a radiant altar of Vehumet.
 10572 | D:9      | Reached skill level 5 in Invocations
 10761 | D:9      | Reached skill level 10 in Dodging
 11446 | D:9      | Reached *** piety under Sif Muna
 11447 | D:9      | Reached XP level 11. HP: 21/51 MP: 10/19
 11453 | D:9      | HP: 2/51 [killer bee (6)]
 12114 | D:9      | Found a staircase to the Lair.
 12272 | D:10     | Entered Level 10 of the Dungeon
 12395 | D:10     | HP: 1/51 [troll (11)]
 12430 | D:10     | Noticed Fannar
 12501 | D:10     | Found a hazy altar of Hepliaklqana.
 12502 | D:10     | Found a flagged portal.
 12511 | Bailey   | Entered a bailey
 12685 | Bailey   | Reached **** piety under Sif Muna
 12916 | Bailey   | Found a burning altar of Makhleb.
 12961 | D:10     | Killed Fannar
 13090 | D:10     | Reached skill level 10 in Summonings
 13226 | D:10     | Found a sparkling altar of Nemelex Xobeh.
 13771 | D:11     | Noticed a boulder beetle
 13787 | D:11     | Killed a boulder beetle
 14031 | D:11     | Noticed a boulder beetle
 14043 | D:11     | Killed a boulder beetle
 14325 | D:11     | Noticed a two-headed ogre
 14381 | D:11     | Killed a two-headed ogre
 14491 | D:11     | Noticed a boulder beetle
 14543 | D:11     | Killed a boulder beetle
 14577 | D:11     | Noticed a boulder beetle
 14589 | D:11     | Killed a boulder beetle
 14590 | D:11     | Gained mutation: Your thick and shaggy fur keeps you warm.
                  | (AC +3, rC+) [Felid growth]
 14590 | D:11     | Reached XP level 12. HP: 51/57 MP: 4/20
 14777 | D:11     | Found a staircase to the Orcish Mines.
 14933 | D:11     | Learned a level 7 spell: Haunt
 15612 | D:12     | Noticed a boulder beetle
 15626 | D:12     | Killed a boulder beetle
 15627 | D:12     | Reached skill level 1 in Necromancy
 15755 | Lair:1   | Entered Level 1 of the Lair of Beasts
 15765 | Lair:1   | Found a gate leading to a gauntlet.
 15797 | Gauntlet | Entered a Gauntlet
 15797 | Gauntlet | Found a transporter.
 15815 | Gauntlet | Found a transporter.
 15828 | Gauntlet | Found a transporter.
 15833 | Gauntlet | Found a transporter.
 15853 | Gauntlet | Found a transporter.
 15867 | Gauntlet | Found a transporter.
 15879 | Gauntlet | Found a transporter.
 15891 | Gauntlet | Found a transporter.
 15903 | Gauntlet | Found a transporter.
 15911 | Gauntlet | Noticed a hell hog
 15915 | Gauntlet | Found a transporter.
 15932 | Gauntlet | Found a transporter.
 15949 | Gauntlet | Found a transporter.
 15951 | Gauntlet | Found a transporter.
 15981 | Gauntlet | Found a transporter.
 16003 | Gauntlet | Found a transporter.
 16005 | Gauntlet | Found a transporter.
 16007 | Gauntlet | Found a transporter.
 16034 | Gauntlet | Found a transporter.
 16304 | Gauntlet | Identified the ring "Hionud" {rElec rPois rF+ rC+ Dex+4}
 16598 | Gauntlet | Identified the +10 longbow of Laxtohopn {venom, rF- Str+4
                  | Dex+3 Stlth+}
 16646 | Gauntlet | Noticed a minotaur
 16667 | Gauntlet | Killed a minotaur
 16902 | Lair:1   | Noticed Erica
 16937 | Lair:1   | Killed Erica
 17716 | Lair:1   | Identified the +1 ring mail of the Pure Shrikes {Regen+}
 18510 | Lair:2   | Noticed a boulder beetle
 18554 | Lair:2   | Killed a boulder beetle
 19692 | Lair:2   | Reached XP level 13. HP: 61/61 MP: 14/23
 19700 | Lair:2   | Learned a level 7 spell: Summon Hydra
 20574 | Lair:3   | Reached skill level 10 in Fighting
 21284 | Lair:3   | Found a staircase to the Shoals.
 21513 | Lair:3   | Found a hole to the Spider Nest.
 22403 | Lair:4   | Reached ***** piety under Sif Muna
 22660 | Lair:4   | Noticed Nessos
 22686 | Lair:4   | Killed Nessos
 23140 | Lair:4   | Found a viscous altar of Jiyva.
 23140 | Lair:4   | Found a staircase to the Slime Pits.
 23601 | Lair:5   | Entered Level 5 of the Lair of Beasts
 23684 | Lair:5   | Received a gift from Sif Muna
 23686 | Lair:5   | Got Awuefemyo's Atlas of Mysticism {god gift}
 23816 | Lair:5   | Reached XP level 14. HP: 54/66 MP: 19/26
 24092 | Lair:5   | Found a frozen archway.
 24138 | IceCv    | Entered an ice cave
 24661 | IceCv    | Noticed a frost giant
 24713 | IceCv    | Killed a frost giant
 25205 | IceCv    | Got the Tractate on the Winter
 25656 | Lair:5   | Reached skill level 15 in Dodging
 25836 | Lair:5   | Reached skill level 15 in Summonings
 26340 | Lair:5   | Found a large runed translucent door.
 26340 | Lair:5   | Found a large runed translucent door.
 27083 | Lair:5   | Identified the +0 helmet of Relativism {rF+ rN+ Int+2}
 27652 | D:12     | Learned a level 5 spell: Summon Forest
 27965 | D:12     | Found a snail-covered altar of Cheibriados.
 28063 | D:12     | Found Exulolag's Distillery.
 28072 | D:12     | Bought 2 potions of heal wounds for 170 gold pieces
 28319 | D:12     | Reached skill level 1 in Translocations
 28436 | D:12     | Got the Precepts of the Metallic Impact
 28478 | D:12     | Found a shimmering blue altar of Sif Muna.
 28594 | D:12     | Noticed a tengu reaver
 28618 | D:12     | Killed a tengu reaver
 28619 | D:12     | Reached XP level 15. HP: 72/72 MP: 2/29
 28849 | D:12     | Identified the ring of Mirth {Will+ EV+4 Int+4 Dex-3}
 29018 | D:12     | Got the Vellum of Spellbinding
 29052 | D:12     | Got the Spellbook of Terra Firma and Malignant Rites
 29054 | D:12     | Got Xaut's Handbook of the Cursed Blaze
 29070 | D:12     | Got the Monograph on Mortuary Combustion
 29072 | D:12     | Got Fevung's Catalogue of Clouds
 29285 | D:13     | Found a runed translucent gate.
 29293 | D:13     | Found a runed translucent gate.
 29383 | D:13     | Noticed Sonja
 29400 | D:13     | Killed Sonja
 29598 | D:13     | Received a gift from Sif Muna
 30537 | D:13     | Found a runed translucent gate.
 30537 | D:13     | Noticed ytrimaz's ghost (journeyman DsGl)
 30805 | D:13     | Got Sif Muna's Collected Works on Allies and Metamorphosis
                  | {god gift}
 31063 | D:13     | Found a gate to the Vaults.
 31179 | D:13     | Killed ytrimaz's ghost
 31707 | D:14     | Reached skill level 5 in Translocations
 33116 | D:15     | Entered Level 15 of the Dungeon
 33149 | D:15     | Noticed Rupert
 33525 | D:15     | Reached skill level 10 in Spellcasting
 33531 | D:15     | Killed Rupert
 33926 | D:15     | Found a staircase to the Depths.
 34095 | D:15     | Found an iron altar of Okawaru.
 34309 | Orc:1    | Entered Level 1 of the Orcish Mines
 34512 | Orc:1    | Noticed Harold
 34543 | Orc:1    | Killed Harold
 34830 | Orc:1    | Found Vihem's Antique Weapon Boutique.
 35115 | Orc:2    | Entered Level 2 of the Orcish Mines
 35340 | Orc:2    | Found a staircase to the Elven Halls.
 35378 | Orc:2    | Received a gift from Sif Muna
 35561 | Orc:2    | Got Sif Muna's Tome of Malediction and Air {god gift}
 35594 | Orc:2    | Found Foar Gea's Magic Scroll Shoppe.
 35602 | Orc:2    | Bought a scroll of magic mapping for 82 gold pieces
 35602 | Orc:2    | Bought 3 scrolls of magic mapping for 247 gold pieces
 35736 | Orc:2    | Reached XP level 16. HP: 78/78 MP: 8/31
 36195 | Orc:2    | Found Hunwimeir's Armour Boutique.
 36271 | Orc:2    | Found Xaump's Magic Scroll Emporium.
 36310 | Orc:2    | Bought a scroll of teleportation for 36 gold pieces
 36347 | Orc:2    | Learned a level 7 spell: Monstrous Menagerie
 37296 | Orc:2    | Found Kaxkypt's Antique Weapon Shoppe.
 37296 | Orc:2    | Found Cichiug's Assorted Antiques.
 37297 | Orc:2    | Found Burug's Antique Weapon Emporium.
 37297 | Orc:2    | Found Ifruitir's Distillery.
 37311 | Orc:2    | Bought a potion of mutation for 200 gold pieces
 37312 | Orc:2    | Bought a potion of heal wounds for 75 gold pieces
 37319 | Orc:2    | Bought a square peridot amulet for 125 gold pieces
 37320 | Orc:2    | Bought a wand of quicksilver (4) for 420 gold pieces
 37491 | Depths:1 | Entered Level 1 of the Depths
 38019 | Shoals:1 | Entered Level 1 of the Shoals
 38054 | Shoals:1 | Received a gift from Sif Muna
 38054 | Shoals:1 | HP: 2/78 [merfolk impaler/+0 trident of flaming (5)]
 39145 | Shoals:1 | Noticed Jorgrun
 39152 | Shoals:1 | Killed from afar by Jorgrun
 39153 | Shoals:1 | Reached XP level 15. HP: -12/74 MP: 13/31
 39267 | Shoals:1 | Killed Jorgrun
 40314 | Shoals:2 | Found Weck's Distillery.
 40455 | Shoals:2 | Bought a potion of curing for 54 gold pieces
 40455 | Shoals:2 | Bought a potion of curing for 54 gold pieces
 40455 | Shoals:2 | Bought a potion of curing for 54 gold pieces
 40455 | Shoals:2 | Bought a potion of curing for 54 gold pieces
 40502 | Shoals:2 | HP: 3/75 [wind drake/the air (22)]
 41095 | Shoals:2 | Identified Roxanne's Precepts of Geology
 41095 | Shoals:2 | Noticed Roxanne
 41113 | Shoals:2 | Killed Roxanne
 42393 | Shoals:2 | Noticed a kraken
 42407 | Shoals:2 | Killed a kraken
 43129 | Shoals:3 | Reached XP level 16. HP: 79/79 MP: 18/32
 43378 | Shoals:3 | Received a gift from Sif Muna
 43383 | Shoals:3 | Got Sif Muna's Handbook of Rallying {god gift}
 43960 | Shoals:3 | Found Dozin's Assorted Antiques.
 44249 | Shoals:3 | Noticed a kraken
 44429 | Shoals:3 | Killed a kraken
 44644 | Shoals:3 | Noticed a kraken
 44651 | Shoals:3 | Killed a kraken
 45116 | Spider:1 | Entered Level 1 of the Spider Nest
 47182 | Spider:1 | Received a gift from Sif Muna
 47185 | Spider:1 | Got Sif Muna's Commentary on the Compass and Blasphemous
                  | Mysteries {god gift}
 50932 | Spider:3 | Received a gift from Sif Muna
 50948 | Spider:2 | Reached XP level 17. HP: 63/84 MP: 10/35
 51327 | Spider:2 | Learned a level 8 spell: Summon Horrible Things
 52272 | Spider:3 | Got Puliopos's Tractate on Boreal Misery {god gift}
 53746 | Spider:3 | Noticed Donald
 53753 | Spider:3 | Killed Donald
 53754 | Spider:3 | Reached skill level 15 in Fighting
 54985 | Shoals:4 | Entered Level 4 of the Shoals
 55499 | Shoals:4 | Received a gift from Sif Muna
 56940 | Shoals:4 | Identified the +9 trident of Eternity {freeze, Int+3}
 57492 | Shoals:4 | Hit by a silver javelin thrown by a merfolk javelineer
 57493 | Shoals:4 | Reached XP level 16. HP: 0/81 MP: 4/35
 57516 | Shoals:4 | HP: 1/81 [merfolk javelineer/silver javelin (20)]
 57516 | Shoals:4 | Hit by a silver javelin thrown by a merfolk javelineer
 57517 | Shoals:4 | Reached XP level 15. HP: -3/77 MP: 17/34
 57681 | Shoals:4 | Got a barnacled rune of Zot
 58521 | Depths:1 | Found a gateway to Hell.
 58710 | Depths:1 | Received a gift from Sif Muna
 58713 | Depths:1 | Got Cucrim's Meditations on Gritty Exhumation {god gift}
 58949 | Depths:1 | Reached XP level 16. HP: 81/81 MP: 25/35
 59471 | Depths:1 | Identified the amulet of the Gastropod {Acrobat rPois rF+
                  | Int+3 Dex-4}
 59471 | Depths:1 | Noticed a tengu reaver
 60040 | Depths:1 | Killed a tengu reaver
 60496 | Depths:1 | Found a one-way gateway to a ziggurat.
 61127 | Depths:1 | Noticed a sphinx
 61132 | Depths:1 | Killed a sphinx
 61642 | Spider:3 | Learned a level 5 spell: Summon Mana Viper
 61650 | Spider:4 | Entered Level 4 of the Spider Nest
 61668 | Spider:4 | Noticed Louise
 61675 | Spider:4 | Noticed Bai Suzhen
 61829 | Spider:4 | Noticed Aizul
 62141 | Spider:3 | Killed Bai Suzhen
 62975 | Spider:4 | Killed Aizul
 62976 | Spider:4 | Reached skill level 5 in Hexes
 63562 | Spider:4 | Killed Louise
 63749 | Spider:4 | Reached skill level 5 in Evocations
 64204 | Spider:4 | Reached skill level 15 in Spellcasting
 64440 | Spider:4 | Got a gossamer rune of Zot
 64835 | Depths:2 | Found a one-way gate leading to the halls of Pandemonium.
 64981 | Depths:2 | Received a gift from Sif Muna
 64982 | Depths:2 | Reached XP level 17. HP: 86/86 MP: 6/37
 64987 | Depths:2 | Got Sif Muna's Tome of Jinxing {god gift}
 65265 | Depths:2 | Hit by a large rock thrown by a stone giant

Illustrated notes

Levels and vault maps discovered:
D:1:      dpeg_arrival_rooms_b, layout_loops_cross, minmay_pentomino_q2
D:2:      layout_basic, uniq_natasha
D:3:      layout_loops_ring, st_stairs_2, item_on_display_a
D:4:      nicolae_cairo_tiling_large_dashed, layout_loops_ring
D:5:      wad_woods_stonehenge, layout_cave_pools,
          mainiacjoe_overflow_boulevard, minmay_misc_feat_rugged
D:6:      layout_loops_ring, minmay_temple_entry_large_hall, grunt_tough_drop
D:7:      gammafunk_steamed_eel, layout_rooms
D:8:      layout_cave_pools, minitemple, mainiacjoe_overflow_divided_tiny
D:9:      layout_roguey [special_room_bee], grunt_lair_entry_orc_guard_hut,
          minmay_misc_feat_square
D:10:     layout_basic, lemuel_tele_altar, nemelex_xobeh_ov_fountains_minmay,
          enter_bailey_2, uniq_fannar
D:11:     layout_stronghold, minmay_orc_entry_guard_dogs, minmay_diced_spiral
D:12:     evilmike_library_of_no_secrets, layout_loops_ring, serial_shops,
          nicolae_diamond_shop, cheibriados_altar_1
D:13:     layout_long_grid, hangedman_vaults_entry_quadrant_bands,
          gammafunk_ghost_hydra_chop, uniq_sonja
D:14:     layout_stronghold, infiniplex_staircase_river,
          nicolae_kite_square_tiling_tiny
D:15:     hangedman_depths_entry_civil_slaughter, layout_cave_pools,
          okawaru_trees_1, grunt_decor_cap, patterned_corridor, uniq_rupert
Temple:   compressed_dpeg_circular_temple
Lair:1:   layout_cave_pods, gauntlet_entry_generic, special_room, serial_forest,
          infiniplex_forest_corner_1, infiniplex_forest_straight_2,
          infiniplex_forest_clump_diagonal, infiniplex_forest_straight_2,
          infiniplex_forest_end_2, grunt_megastairs_3, uniq_erica
Lair:2:   layout_cave_pods, st_stairs_4, serial_bayou_shore_b,
          lemuel_fruit_tree, serial_bayou_shore_b
Lair:3:   layout_chaotic_city, elwin_shoals_entry_stream,
          spider_nest_entry_funnel_web, disabler_island
Lair:4:   layout_cave_pods, dpeg_slime_entry_corner, serial_bayou_shore_a,
          uniq_nessos
Lair:5:   cheibrodos_lair_end_hotspot, layout_regular_city,
          portal_ice_cave_entry_pillars_1
Shoals:1: layout_shoals, uniq_jorgrun
Shoals:2: layout_shoals, serial_shops, shop_coins, uniq_roxanne
Shoals:3: layout_shoals, serial_shops, shop_fountains
Shoals:4: shoals_end_hangedman, layout_shoals
Spider:1: nicolae_spider_hall_of_the_moth_king
Spider:2: layout_spider_delve, guppyfry_spider_mini_2
Spider:3: layout_spider_delve, uniq_donald
Spider:4: hellmonk_spider_rune_bug_friends, uniq_louise, uniq_bai_suzhen,
          uniq_aizul
Orc:1:    layout_caves, serial_shops, shop, uniq_harold
Orc:2:    st_orc_pillars, layout_caves, serial_shops, nicolae_shop_statue_plus,
          nicolae_shop_statue_plus, shop
Depths:1: layout_roguey, ziggurat_fallback, serial_sigils_hangedman_gut,
          grunt_hell_entry_dis_grunt, minmay_hollow_rounded_squares
Depths:2: minmay_inside_and_out, layout_gridlike, pan_entry, lemuel_round_altar,
          hell_entry, infiniplex_staircase_squiggle

Skill      XL: |  1  2  3  4  5  6  7  8  9 10 11 12 13 14 15 16 17 |
---------------+----------------------------------------------------+-----
Stealth        | 3 4 5 |  5.0
Dodging        | 3 4 5 6 8 10 11 12 14 15 18 20 19 | 20.3
Fighting       | 1 2 3 4 6 7 9 10 12 14 15 | 15.9
Hexes          | 1 3 5 |  5.0
Spellcasting   | 3 4 5 6 7 9 10 15 14 | 15.0
Summonings     | 5 6 7 9 11 12 14 15 16 20 19 | 20.1
Evocations     | 2 4 5 |  5.3
Air Magic      | 2 3 |  3.0
Invocations    | 3 5 7 8 |  8.6
Necromancy     | 3 4 |  4.0
Translocations | 2 6 |  6.0

Action                   |  1- 3 |  4- 6 |  7- 9 | 10-12 | 13-15 | 16-18 || total
-------------------------+-------+-------+-------+-------+-------+-------++-------
Melee: Unarmed           |    83 |    80 |    64 |    83 |   127 |    57 ||   494
       Bite              |    11 |    13 |    10 |    18 |    26 |    14 ||    92
       Punch             |     2 |       |     1 |     3 |     1 |     2 ||     9
 Cast: Call Imp          |     9 |    32 |    26 |    56 |       |       ||   123
       Summon Small Mamm |     1 |     1 |       |       |       |       ||     2
       Call Canine Famil |     2 |    17 |    45 |   104 |   104 |     9 ||   281
       Summon Guardian G |       |       |    15 |    65 |    71 |     4 ||   155
       Summon Lightning  |       |       |     6 |   106 |   159 |    67 ||   338
       Summon Hydra      |       |       |       |       |   173 |   410 ||   583
       Summon Forest     |       |       |       |       |    13 |    11 ||    24
       Monstrous Menager |       |       |       |       |    29 |   108 ||   137
       Summon Horrible T |       |       |       |       |     2 |    15 ||    17
       Summon Mana Viper |       |       |       |       |       |    13 ||    13
Invok: Channel Magic     |       |       |       |     7 |     8 |     7 ||    22
 Abil: Evoke Blink       |       |       |       |     1 |     3 |       ||     4
Evoke: Wand              |       |       |       |     5 |    13 |    10 ||    28
       Phial of floods   |       |       |       |     1 |       |     2 ||     3
       Phantom mirror    |       |       |       |       |     2 |       ||     2
       Lightning rod     |       |       |       |       |       |     3 ||     3
       Box of beasts     |       |       |       |       |       |     1 ||     1
  Use: Scroll            |       |    15 |     6 |    14 |     6 |     5 ||    46
       Potion            |       |       |       |     6 |     6 |     8 ||    20
 Stab: Sleeping          |     5 |     2 |     1 |       |       |       ||     8
       Distracted        |     2 |     1 |       |     1 |     6 |     1 ||    11
       Confused          |       |       |       |       |       |     1 ||     1
Armor: Skin              |     3 |     7 |     5 |    14 |    42 |    21 ||    92
Dodge: Dodged            |    60 |    80 |   102 |   423 |   624 |   840 ||  2129

Table legend: (Time is in decaauts)
 A = Elapsed time spent in this place.
 B = Non-inter-level travel time spent in this place.
 C = Inter-level travel time spent in this place.
 D = Time resting spent in this place.
 E = Time spent auto-exploring this place.
 F = Levels seen in this place.
 G = Mean time per level.
                   A        B        C        D        E       F      G
               +--------+--------+--------+--------+--------+-----+--------+
         Total |  61358 |  58267 |   3091 |  17041 |  28378 |  36 | 1704.4 |
       Dungeon |  21467 |  19905 |   1562 |   1808 |  13516 |  15 | 1431.1 |
        Temple |     66 |     66 |      0 |      0 |     41 |   1 |   66.0 |
          Lair |   9111 |   8503 |    608 |   1004 |   5528 |   5 | 1822.2 |
        Shoals |   9817 |   9469 |    348 |   4075 |   3628 |   4 | 2454.2 |
   Spider Nest |  11886 |  11500 |    386 |   7549 |   2000 |   4 | 2971.5 |
  Orcish Mines |   2701 |   2628 |     73 |    475 |   1421 |   2 | 1350.5 |
        Depths |   3869 |   3757 |    112 |   1409 |   1683 |   2 | 1934.5 |
        Bailey |    398 |    398 |      0 |     62 |    174 |   1 |  398.0 |
      Ice Cave |   1140 |   1140 |      0 |    249 |    342 |   1 | 1140.0 |
      Gauntlet |    899 |    899 |      0 |    407 |     42 |   1 |  899.0 |
               +--------+--------+--------+--------+--------+-----+--------+

Top non-repeatable levels by time:
Spider:1: 3965 daAuts
Spider:2: 3728 daAuts
Depths:1: 3454 daAuts
Spider:3: 3014 daAuts
Shoals:2: 2877 daAuts
Shoals:4: 2582 daAuts
Shoals:1: 2282 daAuts
  Lair:5: 2169 daAuts
  Lair:3: 2123 daAuts
Shoals:3: 2074 daAuts
    D:11: 2030 daAuts
    D:12: 2014 daAuts
    D:13: 1973 daAuts
  Lair:1: 1829 daAuts
     D:9: 1793 daAuts
